AoeStats
← Joaking

Nomad

503936180Analyzed
4v4 RM · 29d ago on Sep 3, 2026· 37m 48s· 8 players
Game mode
Random Map
Map size
231×231
Population
200
Speed
Normal
Resources
Standard
Victory
Conquest
Starting age
Dark Age
Ending age
Imperial Age
RankedLock teamsTeams togetherTeam positionsShared explorationLock speedFull tech treeHidden civsTurbo modeCheats
Victory
Defeat
🇲🇽 Portuguese · Mexico
1096
+17
🇦🇺 Malians · Australia
1079
+18
🇹🇼 Wei · Taiwan
1052
+19
🇨🇳 Vietnamese · China
1031
+20
🇨🇦 Malay · Canada
1179
-22
🇲🇽 Aztecs · Mexico
1144
-20
🇺🇸 Franks · United States
1094
-17
🇨🇱 Vietnamese · Chile
1049
-15
123
4:56 Loom
16:15 Feudal Age
20:15 Castle Age
18:22 Double-Bit Axe
20:10 Town Watch
20:12 Horse Collar
21:26 Bow Saw
21:33 Heavy Plow
22:46 Wheelbarrow
33:31 Imperial Age
33:59 Scale Mail Armor
34:10 Forging
35:06 Chain Mail Armor
34:43 Fletching
36:57 Crop Rotation
38:56 Plate Mail Armor
39:02 Iron Casting
MiloJ
3:37 Loom
16:50 Feudal Age
17:21 Fishing Lines
17:29 Double-Bit Axe
18:18 Gold Mining
23:51 Castle Age
22:56 Wheelbarrow
22:50 Fletching
25:20 Medium Warships
25:03 Gillnets
25:44 Bodkin Arrow
26:44 Hand Cart
26:22 Stone Mining
27:40 Stone Shaft Mining
28:14 Bow Saw
31:58 Circumnavigation
36:27 Imperial Age
33:47 Town Watch
36:18 Town Patrol
37:05 Padded Archer Armor
37:52 Conscription
37:34 Arquebus
37:45 Elite Organ Gun
vper1490
13:01 Feudal Age
18:28 Castle Age
24:16 Scale Mail Armor
24:49 Double-Bit Axe
28:57 Chain Mail Armor
未時稻暱瑠
5:05 Loom
13:23 Feudal Age
17:13 Castle Age
16:21 Double-Bit Axe
16:40 Gold Mining
16:33 Fishing Lines
17:43 Fletching
18:47 Padded Archer Armor
20:37 Bow Saw
20:42 Horse Collar
21:28 Gillnets
23:03 Bodkin Arrow
24:03 Leather Archer Armor
25:12 Heavy Plow
25:50 Gold Shaft Mining
26:14 Ballistics
27:18 Stone Mining
29:28 Stone Shaft Mining
30:17 Thumb Ring
36:18 Imperial Age
34:24 Wheelbarrow
35:10 Hand Cart
35:26 Town Watch
37:14 Forging
37:10 Scale Barding Armor
37:51 Crop Rotation
Cpt Sly0ne
10:05 Loom
16:24 Feudal Age
16:53 Double-Bit Axe
23:54 Castle Age
23:49 Scale Barding Armor
24:37 Forging
25:04 Fishing Lines
27:38 Stone Mining
29:39 Iron Casting
30:29 Chain Barding Armor
30:14 Husbandry
31:36 Gold Mining
34:03 Fletching
Method0fMadness
5:49 Loom
14:37 Feudal Age
25:26 Castle Age
Joaking
6:14 Loom
16:51 Feudal Age
23:46 Fletching
27:40 Castle Age
Tlacaelel.MX
5:08 Loom
13:50 Feudal Age
14:38 Town Watch
16:21 Double-Bit Axe
17:04 Fletching
22:54 Castle Age
21:58 Stone Mining
22:00 Gold Mining
22:33 Horse Collar
23:46 Bodkin Arrow
26:19 Wheelbarrow
29:34 Demolition Ship
31:33 Medium Warships
32:28 Medium Warships
33:04 Fishing Lines
35:34 Bow Saw
36:34 Heavy Plow
36:59 Padded Archer Armor
36:48 Crossbowman
38:35 Hand Cart
Connection lost

Rejoining the realm…

Still unreachable

The connection could not be restored.

Session expired

The server has moved on; the page needs a fresh start.